AoeStats
← K

Arena

510159993Analyzed
4v4 RM · 3d ago on Sep 29, 2026· 56m 22s· 8 players
Game mode
Random Map
Map size
Large (8 player)
Population
200
Speed
Normal
Resources
Standard
Victory
Conquest
Starting age
Dark Age
Ending age
Imperial Age
RankedLock teamsTeams togetherTeam positionsShared explorationLock speedFull tech treeHidden civsTurbo modeCheats
Victory
Defeat
🇨🇳 Burgundians · China
1163
+13
🇨🇳 Jurchens · China
1109
+15
🇬🇧 Teutons · United Kingdom
1102
+15
🇨🇳 Franks · China
979
+19
🇰🇬 Franks · Kyrgyzstan
1138
-18
🇳🇱 Mongols · Netherlands
1098
-16
🇳🇴 Bohemians · Norway
1066
-29
🇦🇷 Italians · Argentina
1017
-13
SiegeGodlys
9:39 Feudal Age
9:46 Loom
13:43 Castle Age
12:41 Double-Bit Axe
14:34 Horse Collar
20:00 Fervor
22:35 Bow Saw
23:03 Heavy Plow
23:44 Wheelbarrow
24:56 Hand Cart
29:03 Forging
28:53 Scale Mail Armor
30:12 Chemistry
31:47 Imperial Age
31:10 Iron Casting
30:50 Chain Mail Armor
30:44 Wagenburg Tactics
30:12 Pikeman
30:57 Squires
30:43 Arson
31:51 Halberdier
31:59 Houfnice
33:35 Plate Mail Armor
34:05 Blast Furnace
32:56 Fletching
33:06 Padded Archer Armor
33:17 Siege Engineers
42:31 Leather Archer Armor
JW073
10:43 Feudal Age
13:27 Horse Collar
13:35 Double-Bit Axe
15:51 Castle Age
13:50 Gold Mining
14:34 Stone Mining
16:16 Wheelbarrow
17:13 Bow Saw
19:59 Heavy Plow
24:35 Hand Cart
25:27 Loom
25:28 Town Watch
26:37 Pikeman
28:49 Gold Shaft Mining
28:49 Stone Shaft Mining
31:45 Imperial Age
30:07 Fletching
30:39 Ballistics
30:18 Murder Holes
30:34 Masonry
30:56 Bodkin Arrow
32:05 Town Patrol
32:07 Padded Archer Armor
33:37 Chemistry
33:24 Husbandry
33:35 Bloodlines
34:44 Bracer
35:00 Leather Archer Armor
34:20 Elite Mangudai
36:07 Heavy Scorpion
37:14 Drill
41:25 Conscription
45:32 Forging
45:28 Scale Barding Armor
44:48 Elite Steppe Lancer
48:15 Onager
Te0n
10:42 Feudal Age
12:36 Wheelbarrow
15:36 Castle Age
13:37 Double-Bit Axe
17:23 Bow Saw
21:11 Loom
22:49 Gold Mining
22:50 Stone Mining
24:30 Gold Shaft Mining
25:14 Fortified Wall
25:19 Stone Mining
25:50 Treadmill Crane
26:48 Scale Barding Armor
26:53 Forging
29:37 Imperial Age
27:28 Hand Cart
27:20 Loom
29:39 Iron Casting
30:11 Chain Barding Armor
30:58 Masonry
32:35 Blast Furnace
32:11 Plate Barding Armor
31:02 Cavalier
31:42 Husbandry
32:19 Chivalry
33:18 Conscription
33:02 Scale Mail Armor
33:14 Paladin
35:41 Hoardings
35:40 Architecture
35:58 Ballistics
35:24 Arrowslits
38:38 Fletching
40:14 Bodkin Arrow
42:43 Pikeman
43:23 Squires
43:08 Arson
IIWALLACEII
2:06 Loom
12:16 Feudal Age
12:51 Double-Bit Axe
14:28 Gold Mining
18:22 Castle Age
18:09 Fletching
26:52 Bodkin Arrow
31:06 Wheelbarrow
31:11 Bow Saw
40:09 Town Watch
41:26 Padded Archer Armor
42:41 Leather Archer Armor
46:11 Horse Collar
46:51 Hand Cart
48:00 Heavy Plow
51:42 Imperial Age
51:44 Elite Genoese Crossbowman
52:29 Bracer
53:04 Ring Archer Armor
53:07 Conscription
54:39 Two-Man Saw
53:55 Squires
SAOWEN
2:59 Double-Bit Axe
7:51 Loom
8:15 Horse Collar
12:09 Feudal Age
16:08 Castle Age
14:10 Heavy Plow
14:27 Bow Saw
14:20 Heavy Plow
18:04 Wheelbarrow
21:47 Hand Cart
23:02 Gold Mining
23:03 Man-at-Arms
23:58 Squires
23:43 Arson
24:08 Scale Mail Armor
24:32 Loom
28:07 Imperial Age
26:26 Chain Mail Armor
26:22 Forging
27:17 Gold Shaft Mining
26:26 Light Cavalry
27:33 Town Watch
30:29 Chemistry
29:09 Capped Ram
31:48 Plate Mail Armor
31:53 Iron Casting
31:10 Cavalier
31:11 Hussar
31:52 Husbandry
31:54 Stone Mining
32:51 Paladin
34:07 Scale Barding Armor
35:03 Blast Furnace
35:58 Chain Barding Armor
35:40 Padded Archer Armor
39:07 Plate Barding Armor
38:48 Leather Archer Armor
38:58 Ballistics
41:37 Burgundian Vineyards
41:52 Conscription
42:41 Crop Rotation
43:14 Two-Man Saw
45:03 Town Patrol
45:15 Masonry
45:01 Murder Holes
50:42 Onager
YuangXue
10:52 Feudal Age
11:54 Double-Bit Axe
15:07 Castle Age
13:22 Horse Collar
16:27 Bow Saw
19:48 Wheelbarrow
20:26 Heavy Plow
24:05 Gold Mining
28:08 Squires
27:54 Gambesons
27:54 Arson
32:02 Imperial Age
29:55 Hand Cart
29:52 Scale Mail Armor
30:03 Forging
31:01 Gold Shaft Mining
30:19 Stone Mining
30:50 Town Watch
33:04 Iron Casting
32:44 Chain Mail Armor
32:15 Elite Fire Lancer
35:13 Blast Furnace
35:29 Siege Engineers
35:04 Treadmill Crane
36:25 Chemistry
35:45 Ballistics
35:10 Arrowslits
35:35 Heavy Rocket Cart
37:59 Thunderclap Bombs
38:10 Conscription
38:50 Fletching
39:58 Stone Shaft Mining
41:57 Guard Tower
42:18 Fortified Wall
42:19 Masonry
42:04 Murder Holes
46:52 Keep
46:47 Architecture
48:33 Bodkin Arrow
K
10:21 Feudal Age
15:44 Castle Age
13:59 Double-Bit Axe
18:35 Horse Collar
20:23 Gold Mining
22:13 Bow Saw
22:08 Heavy Plow
25:19 Wheelbarrow
24:30 Town Watch
24:31 Loom
28:40 Imperial Age
26:26 Hand Cart
26:55 Stone Mining
27:53 Forging
27:48 Scale Barding Armor
28:57 Stone Shaft Mining
29:58 Conscription
30:25 Iron Casting
30:10 Chain Barding Armor
30:59 Chemistry
30:40 Bloodlines
29:51 Cavalier
31:28 Crop Rotation
32:13 Two-Man Saw
32:17 Blast Furnace
32:51 Ballistics
31:59 Paladin
33:40 Town Patrol
34:16 Plate Barding Armor
33:43 Scale Mail Armor
34:59 Fletching
35:06 Arrowslits
36:12 Elite Teutonic Knight
39:44 Bodkin Arrow
52:27 Caravan
52:37 Guilds
52:58 Coinage
51:52 Elite Teutonic Knight
Youduo
12:08 Feudal Age
16:02 Castle Age
15:43 Stone Mining
15:44 Double-Bit Axe
16:37 Wheelbarrow
20:13 Bow Saw
28:34 Hand Cart
28:55 Husbandry
30:11 Loom
30:12 Town Watch
30:40 Fletching
32:33 Town Patrol
32:19 Ordonnance Companies
34:57 Forging
34:53 Scale Barding Armor
34:54 Scale Mail Armor
34:50 Bodkin Arrow
35:49 Coinage
35:29 Gold Mining
35:23 Treadmill Crane
35:55 Masonry
35:41 Murder Holes
38:23 Imperial Age
36:58 Gold Shaft Mining
38:04 Iron Casting
37:46 Chain Mail Armor
37:51 Chain Barding Armor
38:05 Ballistics
37:43 Herbal Medicine
38:39 Cavalier
39:22 Chivalry
39:44 Conscription
44:18 Elite Throwing Axeman
46:26 Paladin
50:02 Blast Furnace
49:33 Plate Mail Armor
49:39 Plate Barding Armor
49:38 Architecture
49:13 Siege Engineers
50:10 Chemistry
50:22 Onager
54:38 Capped Ram
Connection lost

Rejoining the realm…

Still unreachable

The connection could not be restored.

Session expired

The server has moved on; the page needs a fresh start.